AoeStats
← Codiman

Pilgrims

509797919Analyzed
4v4 RM · 3d ago on Sep 28, 2026· 26m 23s· 8 players
Game mode
Random Map
Map size
Large (8 player)
Population
200
Speed
Normal
Resources
Standard
Victory
Conquest
Starting age
Dark Age
Ending age
Imperial Age
RankedLock teamsTeams togetherTeam positionsShared explorationLock speedFull tech treeHidden civsTurbo modeCheats
Victory
Defeat
🇦🇷 Dravidians · Argentina
1422
+14
🇺🇸 Varangians · United States
1401
+14
🇨🇴 Persians · Colombia
1397
+15
🇧🇴 Celts · Bolivia
1340
+17
🇺🇸 Persians · United States
1403
-16
🇭🇰 Mongols · Hong Kong SAR China
1368
-15
🇨🇳 Spanish · China
1365
-15
🇦🇺 Bulgarians · Australia
1334
-14
Supahfly
5:53 Loom
10:37 Feudal Age
14:47 Town Watch
14:54 Fishing Lines
21:33 Castle Age
19:46 Double-Bit Axe
21:39 Bloodlines
21:36 Scale Barding Armor
21:43 Forging
La.Reina.de.Once
12:23 Feudal Age
13:15 Loom
17:56 Castle Age
17:01 Fletching
17:56 Padded Archer Armor
24:19 Double-Bit Axe
SpawnShark
3:55 Loom
12:20 Feudal Age
16:24 Castle Age
15:47 Fletching
16:30 Demolition Ship
17:24 Medium Warships
17:12 Bodkin Arrow
17:42 Demolition Ship
19:34 Double-Bit Axe
19:48 Horse Collar
25:39 Bow Saw
26:16 Heavy Plow
棉花糖
7:12 Loom
11:34 Feudal Age
12:10 Town Watch
12:16 Double-Bit Axe
16:32 Castle Age
19:56 Bow Saw
meh
7:50 Loom
10:07 Feudal Age
15:14 Castle Age
14:11 Town Watch
15:10 Stone Mining
16:12 Fletching
ivandario67
10:08 Feudal Age
10:45 Double-Bit Axe
13:23 Forging
15:06 Loom
15:58 Wheelbarrow
18:42 Castle Age
19:33 Medium Warships
19:41 Medium Warships
19:41 Bow Saw
19:13 Horse Collar
20:33 Fishing Lines
21:08 Gillnets
22:13 Heavy Plow
23:25 Scale Barding Armor
26:19 Gold Mining
26:45 Town Watch
Skavio22
10:29 Feudal Age
8:45 Loom
11:05 Feudal Age
11:36 Double-Bit Axe
17:18 Castle Age
17:13 Scale Barding Armor
17:22 Forging
18:57 Iron Casting
18:33 Bow Saw
21:30 Scale Barding Armor
29:23 Imperial Age
Codiman
4:12 Loom
11:27 Feudal Age
19:11 Castle Age
20:06 Medium Warships
22:13 Wheelbarrow
21:59 Fletching
21:57 Town Watch
23:23 Bodkin Arrow
24:25 Scale Mail Armor
Connection lost

Rejoining the realm…

Still unreachable

The connection could not be restored.

Session expired

The server has moved on; the page needs a fresh start.